 Dungeon Crawl Stone Soup version 0.29-a0-375-g5102b3be25 (webtiles) character file.

Game seed: 9521753702642686542

200 happo123 the Ruffian (level 5, -3/53 HPs)
             Began as a Troll Berserker on May 3, 2022.
             Was a Believer of Trog.
             Slain by a scorpion (5 damage)
             ... on level 4 of the Dungeon.
             The game lasted 00:11:49 (2052 turns).

happo123 the Ruffian (Troll Berserker)              Turns: 2052, Time: 00:11:51

Health: -3/53      AC:  4    Str: 27    XL:     5   Next: 49%
Magic:  4/4        EV: 10    Int:  3    God:    Trog [**....]
Gold:   95         SH:  0    Dex:  9    Spells: 4/4 levels left

rFire   . . .      SeeInvis .     - Unarmed
rCold   . . .      Faith    +   (no shield)
rNeg    . . .      Spirit   .   a - +0 animal skin
rPois   +          Reflect  .   (helmet restricted)
rElec   .          Harm     .   (no cloak)
rCorr   .          Rampage  .   (gloves unavailable)
Will    .....                   (boots unavailable)
Stlth   +.........              o - amulet of faith
HPRegen 0.97/turn               c - ring of poison resistance
MPRegen 0.09/turn               (no ring)

@: on berserk cooldown, slowed, very slow
A: large, unfitting armour, claws 3, regeneration 1, shaggy fur 1, tough skin 1
a: Renounce Religion, Berserk, Trog's Hand


You were on level 4 of the Dungeon.
You worshipped Trog.
Trog was pleased with you.
You visited 1 branch of the dungeon, and saw 4 of its levels.

You collected 123 gold pieces.
You spent 28 gold pieces at shops.

Inventory:

Missiles
 t - 6 poisoned darts (quivered)
Armour
 a - a +0 animal skin (worn)
Jewellery
 c - a ring of poison resistance (left claw)
 o - an amulet of faith (around neck)
Wands
 u - a wand of iceblast (2)
Scrolls
 d - a scroll of torment {unknown}
 h - a scroll of summoning
 i - a scroll of teleportation
 k - a scroll of identify
 q - a scroll of enchant weapon {unknown}
 v - a scroll of fog {unknown}
Potions
 b - 2 potions of ambrosia {unknown}
 e - 2 potions of haste
 f - a potion of heal wounds {unknown}
 g - 3 potions of mutation {unknown}
 j - 2 potions of brilliance
 l - a potion of lignification {unknown}
 m - a potion of might {unknown}
 n - 2 potions of degeneration {unknown}
 p - 3 potions of curing {unknown}
 r - a potion of resistance {unknown}
 s - a potion of flight {unknown}


   Skills:
 + Level 3.5 Fighting
 + Level 3.6 Dodging
 + Level 4.2 Unarmed Combat


You had 4 spell levels left.
You didn't know any spells.
Your spell library was empty.

Dungeon Overview and Level Annotations

Branches:
Dungeon (4/15)
 Temple: D:4-7

Altars:

Shops:
D:1 *


Innate Abilities, Weirdness & Mutations

You are too large for most types of armour.
You have claws for hands.
Your natural rate of healing is unusually fast.
You are covered in fur. (AC +1)
You have tough skin. (AC +1)


Message History

You mangle the gnoll!!
You kill the gnoll!
Trog accepts your kill. The gnoll hits you with a +0 flail!
The gnoll hits you but does no damage.
You claw the gnoll!
You kill the gnoll!
Trog accepts your kill. The gnoll closely misses you. The gnoll misses you.
You scratch the gnoll. Your claw misses the gnoll.
The gnoll is heavily wounded.
You barely miss the gnoll.
The gnoll is heavily wounded.
The giant cockroach bites you but does no damage.
The gnoll barely misses you. The gnoll hits you with a +0 flail.
You closely miss the gnoll. You claw the gnoll!
You kill the gnoll!
Trog accepts your kill. The giant cockroach barely misses you.
You claw the scorpion!
The scorpion is severely wounded.
The gnoll closely misses you. The scorpion completely misses you.
You scratch the scorpion.
The scorpion is almost dead.
The giant cockroach closely misses you.
The gnoll hits you from afar with a +0 halberd!
* * * LOW HITPOINT WARNING * * *
You barely miss the scorpion.
The scorpion is almost dead.
You are no longer berserk.
You are exhausted.
You feel yourself slow down. The scorpion closely misses you.
The giant cockroach bites you but does no damage.
You closely miss the scorpion.
The scorpion is almost dead.
The scorpion stings you.
* * * LOW HITPOINT WARNING * * *
The gnoll hits you from afar with a +0 halberd!
* * * LOW HITPOINT WARNING * * *
The giant cockroach closely misses you. The scorpion stings you.
You die...

#.##.#####...... #.##
# #....## #......
#†...# #..#..# #.#..#
#$.#..#.#####.#..#
#..#..#..†....#.##
#.g#..####.#.## ##
#sB#..####.#.#...#
#)@#†.............
#.)))..#####.#...#
....................##
###..............####
################


You could see a scorpion, a gnoll and a giant cockroach.

Vanquished Creatures
  A gnoll shaman (D:4)
  An iguana (D:4)
  4 gnolls (D:4)
  6 adders (D:2)
  An orc (D:4)
  7 ball pythons
  4 endoplasms (D:2)
  4 giant cockroaches
  4 goblins
  4 hobgoblins
  4 jackals (D:2)
  3 kobolds
  3 quokkas
  7 bats
  A frilled lizard (D:2)
  3 rats
57 creatures vanquished.

Notes
Turn   | Place    | Note
-------+----------+-------------------------------------------
     0 | D:1      | happo123 the Troll Berserker began the quest for the Orb.
     0 | D:1      | Reached XP level 1. HP: 22/22 MP: 0/0
   301 | D:1      | Reached XP level 2. HP: 29/29 MP: 1/1
   359 | D:1      | Found Sejunt's General Store.
   370 | D:1      | Bought a scroll of identify for 28 gold pieces
   830 | D:2      | Reached XP level 3. HP: 35/36 MP: 2/2
  1103 | D:2      | Reached XP level 4. HP: 45/45 MP: 3/3
  1137 | D:2      | Reached ** piety under Trog
  1801 | D:3      | Found a faded altar of an unknown god.
  2034 | D:4      | Reached skill level 4 in Unarmed Combat
  2040 | D:4      | Noticed a scorpion
  2042 | D:4      | Reached XP level 5. HP: 53/53 MP: 4/4
  2052 | D:4      | HP: 2/53 [gnoll/+0 halberd[a gnoll shaman] (11)]
  2052 | D:4      | Slain by a scorpion

Illustrated notes

Levels and vault maps discovered:
D:1:      zaba_arrival_water, layout_loops_corners, serial_shops,
          nicolae_shop_advertising_works [nicolae_subvault_shop_adworks],
          minivault_11
D:2:      layout_basic, kennysheep_minor_cross
D:3:      layout_rooms, shapermc_ecumenical_altar_mp_highgroup
D:4:      layout_loops_ring, serial_shops, nicolae_shop_crystal,
          biasface_ghost_orc_armoury

Skill      XL: |  1  2  3  4 |
---------------+-------------+-----
Fighting       | 3 |  3.5
Dodging        | 3 |  3.6
Unarmed Combat | 4 |  4.2

Action                   |  1- 3 |  4- 6 || total
-------------------------+-------+-------++-------
Melee: Unarmed           |    94 |    60 ||   154
       Punch             |     1 |     1 ||     2
Invok: Berserk           |     1 |     1 ||     2
  Use: Scroll            |     3 |     1 ||     4
 Stab: Sleeping          |     2 |       ||     2
Armor: Animal skin       |    37 |    18 ||    55
Dodge: Dodged            |    82 |    31 ||   113

Table legend: (Time is in decaauts)
 A = Elapsed time spent in this place.
 B = Non-inter-level travel time spent in this place.
 C = Inter-level travel time spent in this place.
 D = Time resting spent in this place.
 E = Time spent auto-exploring this place.
 F = Levels seen in this place.
 G = Mean time per level.
                   A        B        C        D        E       F      G
               +--------+--------+--------+--------+--------+-----+--------+
         Total |   2053 |   1731 |    322 |     38 |   1343 |   4 |  513.2 |
       Dungeon |   2053 |   1731 |    322 |     38 |   1343 |   4 |  513.2 |
               +--------+--------+--------+--------+--------+-----+--------+

Top non-repeatable levels by time:
     D:1: 813 daAuts
     D:2: 700 daAuts
     D:3: 487 daAuts
     D:4: 51 daAuts
